 Dungeon Crawl Stone Soup version 0.28-a0-683-ga8797d1ae1 (webtiles) character file.

Game seed: 1347663933247237776

6366 spiderkeys the Blocker (level 10, 0/97 (98) HPs)
             Began as a Deep Dwarf Fighter on Oct 19, 2021.
             Was an Elder of Makhleb.
             Killed from afar by an acid dragon (26 damage)
             ... with a splash of acid
             ... on level 9 of the Dungeon.
             The game lasted 00:28:16 (7874 turns).

spiderkeys the Blocker (Deep Dwarf Fighter)         Turns: 7874, Time: 00:28:16

HP:   0/97 (98)     AC: 13    Str: 24    XL:     10   Next: 65%
MP:   11/11         EV:  8    Int:  8    God:    Makhleb [****..]
Gold: 358           SH: 11    Dex: 12    Spells: 9/9 levels left

rFire   . . .      SeeInvis +   a - +0 war axe
rCold   . . .      Faith    .   c - +0 buckler
rNeg    . . .      Spirit   .   w - +0 chain mail
rPois   .          Reflect  +   (no helmet)
rElec   +          Harm     .   B - +1 cloak
rCorr   .          Rampage  .   (no gloves)
Will    +....                   (no boots)
Stlth   ..........              g - amulet "Taziq" {Reflect Drain rElec SH+5 SInv Stlth+}
HPRegen 0.00/turn               Z - ring of wizardry
MPRegen 0.12/turn               (no ring)

@: lightly drained
A: damage resistance, heal wounds, sense surroundings 2, no regeneration
a: Heal Wounds, Renounce Religion, Minor Destruction, Lesser Servant of Makhleb,
Major Destruction


You were on level 9 of the Dungeon.
You worshipped Makhleb.
Makhleb was greatly pleased with you.
You visited 2 branches of the dungeon, and saw 10 of its levels.
You also visited: Sewer.

You collected 358 gold pieces.


Innate Abilities, Weirdness & Mutations

You are resistant to damage.
You can heal yourself by infusing magical energy.
You passively map the area around you.
You do not regenerate.


   Skills:
 + Level 8.4 Fighting
 - Level 9.2 Axes
 - Level 9.6 Armour
 - Level 10.0 Shields
 * Level 5.2 Invocations


You had 9 spell levels left.
You didn't know any spells.
Your spell library contained the following spells:

 Spells                   Type           Power      Damage    Failure   Level
 Beastly Appendage        Tmut           0%         N/A       65%         1
 Magic Dart               Conj           0%         1d3       65%         1
 Summon Small Mammal      Summ           0%         N/A       65%         1
 Searing Ray              Conj           0%         2d4       77%         2
 Wereblood                Tmut           0%         N/A       77%         2
 Call Canine Familiar     Summ           0%         N/A       93%         3
 Gell's Gravitas          Tloc           0%         N/A       93%         3
 Lesser Beckoning         Tloc           0%         N/A       93%         3
 Spider Form              Tmut/Pois      0%         N/A       93%         3
 Summon Guardian Golem    Hex/Summ       0%         N/A       93%         3
 Teleport Other           Tloc           0%         N/A       93%         3
 Fulminant Prism          Conj/Hex       0%         3d6       100%        4
 Iskenderun's Battlesphe  Conj           0%         2d6       100%        5
 Iron Shot                Conj/Erth      0%         9d1       100%        6
 Spellforged Servitor     Conj/Summ      0%         N/A       100%        7

Inventory:

Hand Weapons
 a - a +0 war axe (weapon)
 b - a +0 hunting sling
   (You found it on level 3 of the Dungeon)
Missiles
 f - 281 stones (quivered)
 n - 116 arrows
 o - 76 poisoned darts
 s - 6 boomerangs
 t - 45 sling bullets
 F - 53 bolts
 G - 4 throwing nets {=f!f}
Armour
 c - a +0 buckler (worn)
 w - a +0 chain mail (worn)
   (You found it on level 5 of the Dungeon)
 A - a scarf of invisibility
   (You found it on level 6 of the Dungeon)
 B - a +1 cloak (worn)
   (You found it on level 6 of the Dungeon)
 J - a +0 kite shield
   (You found it on level 7 of the Dungeon)
Magical Staves
 D - a staff of death {!a}
   (You found it on level 6 of the Dungeon)
Jewellery
 g - the amulet "Taziq" (around neck) {Reflect Drain rElec SH+5 SInv Stlth+}
   (You acquired it on level 3 of the Dungeon)

   [amulet of reflection]

   It reflects blocked missile attacks.
   rElec:     It insulates you from electricity.
   SInv:      It lets you see invisible.
   Drain:     It drains your maximum health when unequipped.
   SH:        It affects your SH (+5).
   Stlth:     It makes you more stealthy.
 y - an amulet of magic regeneration
   (You found it on level 1 of the Dungeon)
 Z - a ring of wizardry (left hand)
   (You found it on level 8 of the Dungeon)
Wands
 E - a wand of acid (22)
   (You found it on level 6 of the Dungeon)
 H - a wand of iceblast (5)
   (You took it off Harold on level 7 of the Dungeon)
 N - a wand of mindburst (14)
   (You found it on level 8 of the Dungeon)
Scrolls
 k - 2 scrolls of blinking {!r}
 l - a scroll of magic mapping {!r}
 p - 2 scrolls of immolation {!r!r}
 u - 3 scrolls of teleportation {@r4}
 v - a scroll of torment {!r}
 x - a scroll of summoning
 z - 2 scrolls of noise {!r}
 I - a scroll of identify {@r1}
 K - a scroll of enchant armour
 L - a scroll of amnesia {unknown}
 M - a scroll of enchant weapon {unknown}
Potions
 d - 2 potions of might
 e - a potion of mutation {!q}
 h - 3 potions of haste {@q3}
 i - 2 potions of cancellation
 j - 3 potions of magic
 m - 2 potions of lignification {!q}
 q - 2 potions of ambrosia
 r - a potion of curing {@q1}
 C - a potion of attraction {unknown}
 O - a potion of brilliance {unknown}

Dungeon Overview and Level Annotations

Branches:
Dungeon (9/15)             Temple (1/1) D:5            Lair (0/6) D:8
  Sewer (visited)
    Orc: D:9-12

Altars:
Ashenzari
Dithmenos
Elyvilon
Gozag
Hepliaklqana
Kikubaaqudgha
Makhleb
Nemelex Xobeh
Xom
Yredelemnul
Zin

Portals:
Abyss: D:3

Annotations:
D:3 2 transporters, Woods's ghost, weakling FeTm
D:4 1 runed translucent door, shoop's ghost, novice OgWz
D:6 3 runed translucent doors, acebull12's ghost, novice DjFE

* , , , .....
* #........ ,
,, .>... *
#....... ,
*#### * *
#......#*****
####......# *
,..........#
,.......D..#
*
,..........#
.......@..#
..........#
###### *,
........[.#
*......
..........###
###... ,
######......#
#... #......#
#... #......#
#... ,
#......# #...
#......# #...


You could see an acid dragon (catching breath).


Message History

You now have 96 max hp (+4).
You regained 5 hp, and now have 31/96 hp.
A water moccasin comes into view.
The howler monkey hoots and howls with incredible vigour!
You hear an angry hiss.
The howler monkey hoots and howls with incredible vigour!
You are no longer poisoned.
The howler monkey hoots and howls with incredible vigour!
The howler monkey hoots and howls with incredible vigour!
There is a stone staircase leading up here.
The howler monkey hits you.
You climb upwards.
There is a stone staircase leading down here.
You slash the howler monkey! The howler monkey barely misses you.
The howler monkey hits you.
* * * LOW HITPOINT WARNING * * *
😨 HP[-1]
You take 1 damage, and now have 30/96 hp.
You closely miss the howler monkey.
The howler monkey hoots and howls with incredible vigour!
You slash the howler monkey! You block the howler monkey's attack.
You closely miss the howler monkey. You block the howler monkey's attack.
You hit the howler monkey.
You kill the howler monkey!
Makhleb accepts your kill.
You feel better. 😨 HP[+2]
You regained 2 hp, and now have 32/96 hp.
There is a stone staircase leading down, spattered with blood here.
There is an escape hatch in the ceiling here.
Things that are here:
a +0 robe; a +0 dagger
Things that are here:
a +0 leather armour; a +0 flail
Things that are here:
a +0 flail; a +0 ring mail; a +0 trident You see here +0 steam dragon scales.
There is a stone staircase leading down here.
You climb downwards.
There is a stone staircase leading up here.
Found a stone staircase leading down.
Found a stone staircase leading up.
E - a wand of acid (11) (gained 8 charges)
E - a wand of acid (22) (gained 11 charges)
You now have 358 gold pieces (gained 4).
A steam dragon comes into view.
The steam dragon hisses angrily.
You are too injured to fight recklessly!
Throw: 6 boomerangs
Press: ? - help, Shift-Dir - straight line, f - steam dragon
Aim: a steam dragon (62% to hit)
You throw a boomerang. The boomerang hits the steam dragon.
A centaur zombie comes into view.
Throw: 6 boomerangs
Press: ? - help, Shift-Dir - straight line, f/p - steam dragon
Aim: a steam dragon (moderately wounded, 62% to hit)
You throw a boomerang.
The boomerang barely misses the steam dragon.
Throw: 6 boomerangs
Press: ? - help, Shift-Dir - straight line, f/p - steam dragon
Aim: a steam dragon (moderately wounded, 62% to hit)
You throw a boomerang. The boomerang hits the steam dragon!
The steam dragon breathes steam at you. The ball of steam misses you.
You closely miss the steam dragon. You hit the centaur zombie.
You block the steam dragon's attack. x2
The centaur zombie is engulfed in a cloud of scalding steam.
The centaur zombie hits you but does no damage.
The centaur zombie kicks you but does no damage.
You slash the steam dragon!
You hit the centaur zombie but do no damage.
The centaur zombie is engulfed in a cloud of scalding steam.
The centaur zombie hits you but does no damage.
You block the centaur zombie's attack. The steam dragon breathes steam at you.
The ball of steam hits you!
* * * LOW HITPOINT WARNING * * *
You hear a roar! 😨 HP[-6]
You take 6 damage, and now have 26/96 hp.
The steam dragon bites you.
The steam dragon claws you but does no damage.
The centaur zombie is engulfed in a cloud of scalding steam.
You block the centaur zombie's attack. The centaur zombie kicks you.
You slash the steam dragon!
You kill the steam dragon!
Makhleb accepts your kill.
The steam dragon scales are intact enough to wear.
You slash the centaur zombie!
An acid dragon comes into view.
The centaur zombie is engulfed in a cloud of scalding steam.
The centaur zombie is destroyed!
Training target 10.0 for Shields reached!
Your Shields skill increases to level 10!
You now have 97 max hp (+1).
You are engulfed in a cloud of scalding steam.
The acid dragon roars!
The acid dragon spits acid at you. The splash of acid hits you!!
You die...

Skill      XL: |  1  2  3  4  5  6  7  8  9 10 |
---------------+-------------------------------+-----
Fighting       | 3 6 7 8 |  8.4
Axes           | 3 6 7 8 9 |  9.2
Armour         | 4 7 8 9 |  9.6
Shields        | 4 7 8 9 10 | 10.0
Invocations    | 5 |  5.2

Action                   |  1- 3 |  4- 6 |  7- 9 | 10-12 || total
-------------------------+-------+-------+-------+-------++-------
Melee: War axe           |    84 |    74 |   592 |   194 ||   944
 Fire: Hunting sling     |       |     1 |     8 |       ||     9
Throw: Stone             |    11 |       |    28 |       ||    39
       Dart              |       |       |    15 |       ||    15
       Throwing net      |       |       |     1 |       ||     1
       Boomerang         |       |       |     2 |     5 ||     7
Invok: Minor Destruction |       |       |     4 |     1 ||     5
 Abil: Heal Wounds       |       |       |     8 |     4 ||    12
Evoke: Wand              |       |     4 |     1 |    12 ||    17
  Use: Scroll            |     4 |     2 |    10 |       ||    16
       Potion            |     2 |     3 |     2 |       ||     7
Armor: Scale mail        |    53 |    18 |    55 |       ||   126
       Chain mail        |       |       |   137 |    83 ||   220
Dodge: Dodged            |    38 |    21 |   164 |    52 ||   275
Block: Buckler           |    26 |    34 |   292 |   111 ||   463
       Reflection        |       |       |     4 |     3 ||     7

Levels and vault maps discovered:
D:1:      dpeg_arrival_lava_altar, layout_basic, serial_forest,
          infiniplex_forest_diagonal, infiniplex_forest_corner_1,
          infiniplex_forest_lined_ring, infiniplex_forest_clump_curved,
          infiniplex_forest_end_2, infiniplex_forest_straight_5,
          infiniplex_forest_straight_4, infiniplex_forest_straight_5
D:2:      layout_basic, shapermc_ecumenical_altar_acropolis, uniq_terence
D:3:      layout_basic, gammafunk_ghost_abyssal_escape,
          cheibrodos_sewer_entry_sluice, grunt_ministairs_13
D:4:      layout_basic, ebering_ghost_reflecting_pool, minivault_11
D:5:      layout_basic, xom_confusion_cloud, grunt_temple_overflow_open,
          minmay_temple_entry_sparse_star
D:6:      layout_loops_cross, lemuel_mausoleum_altar_kikubaaqudgha,
          gammafunk_ghost_split, st_stairs_11, kennysheep_generic_room_5,
          uniq_pikel
D:7:      layout_rooms, nrook_loot_triangle, eino_jars, uniq_harold
D:8:      layout_layer_cave, grunt_dithmenos_smoke_and_mirrors,
          lair_entry_dummy, due_unseen_surprise, uniq_joseph
D:9:      okawaru_arena_lexackson, layout_small_grid, serial_shops,
          nicolae_shop_statue_plus, uniq_maurice
Temple:   eino_temple_water

Notes
Turn   | Place    | Note
-------+----------+-------------------------------------------
     0 | D:1      | spiderkeys the Deep Dwarf Fighter began the quest for the
                  | Orb.
     0 | D:1      | Reached XP level 1. HP: 20/20 MP: 1/1
     0 | D:1      | magus.rc [v1.9.10]
    55 | D:1      | You fall into a shaft and drop 1 floor!
    99 | D:3      | Found a glowing drain.
   116 | Sewer    | Entered a sewer
   166 | Sewer    | Reached XP level 2. HP: 25/27 MP: 2/2
   296 | Sewer    | Reached skill level 3 in Fighting
   326 | Sewer    | Reached XP level 3. HP: 28/34 MP: 3/3
   416 | D:4      | Noticed an ice beast
   497 | D:3      | Identified a scroll of acquirement
   498 | D:3      | Acquired the amulet "Taziq" {Reflect Drain rElec SH+5 SInv
                  | Stlth+}
   559 | D:3      | Found a transporter.
   565 | D:3      | Found a transporter.
   591 | D:3      | Noticed a small abomination
   602 | D:3      | Found a one-way gate to the infinite horrors of the Abyss.
   602 | D:3      | Noticed Woods's ghost (weakling FeTm)
   864 | D:4      | Noticed a scorpion
   867 | D:4      | Killed a scorpion
   868 | D:4      | Reached skill level 3 in Axes
   868 | D:4      | Reached skill level 4 in Armour
   868 | D:4      | Reached skill level 4 in Shields
   868 | D:4      | Reached XP level 4. HP: 32/42 MP: 4/4
   869 | D:4      | Identified a potion of experience
   869 | D:4      | Reached skill level 6 in Fighting
   869 | D:4      | Reached skill level 6 in Axes
   869 | D:4      | Reached skill level 7 in Armour
   869 | D:4      | Reached skill level 7 in Shields
   869 | D:4      | Reached XP level 5. HP: 43/55 MP: 5/5
  1032 | D:4      | Reached skill level 7 in Axes
  1075 | D:4      | Reached XP level 6. HP: 56/62 MP: 6/6
  1080 | D:4      | Found a runed translucent door.
  1087 | D:4      | Noticed shoop's ghost (novice OgWz)
  1452 | D:4      | Killed an ice beast
  1453 | D:4      | Reached XP level 7. HP: 53/70 MP: 7/7
  1577 | D:4      | You pick up a book of Callings and begin reading...
  1577 | D:4      | You add the spells Summon Small Mammal, Call Canine
                  | Familiar and Summon Guardian Golem to your library.
  1757 | D:5      | Entered Level 5 of the Dungeon
  1793 | D:5      | You pick up a book of Displacement and begin reading...
  1793 | D:5      | You add the spells Lesser Beckoning, Gell's Gravitas and
                  | Teleport Other to your library.
  2063 | D:5      | Found a hazy altar of Hepliaklqana.
  2067 | D:5      | Found a glowing silver altar of Zin.
  2231 | D:5      | Found a staircase to the Ecumenical Temple.
  2244 | D:5      | Reached skill level 8 in Armour
  2247 | Temple   | Entered the Ecumenical Temple
  2262 | Temple   | Became a worshipper of Makhleb the Destroyer
  2325 | D:5      | Reached skill level 8 in Shields
  2337 | D:5      | HP: 11/70 [phantom (7)]
  2339 | D:5      | Reached XP level 8. HP: 12/78 MP: 8/8
  2503 | D:5      | HP: 17/78 [black bear (4)]
  2511 | D:5      | HP: 18/78 [black bear (2)]
  2521 | D:5      | Found a shimmering altar of Xom.
  2908 | D:5      | Reached skill level 8 in Axes
  3129 | D:2      | Reached skill level 7 in Fighting
  3288 | D:2      | Found a faded altar of an unknown god.
  3298 | D:2      | Noticed Terence
  3321 | D:2      | Killed Terence
  3462 | D:2      | Reached * piety under Makhleb
  4006 | D:1      | Reached ** piety under Makhleb
  4491 | D:1      | Found an opulent altar of Gozag.
  4656 | D:6      | Noticed Pikel
  4785 | D:6      | HP: 19/80 [lemure[Pikel] (3)]
  4814 | D:6      | HP: 18/80 [acid (1)]
  4815 | D:6      | HP: 7/80 [acid (2)]
  4837 | D:6      | HP: 20/80 [Pikel (6)]
  4844 | D:6      | HP: 17/80 [Pikel (7)]
  4848 | D:6      | Killed Pikel
  4849 | D:6      | Gained mutation: You passively map the area around you.
                  | [Deep Dwarf growth]
  4849 | D:6      | Reached XP level 9. HP: 13/86 MP: 8/8
  4859 | D:6      | HP: 18/86 [wyvern skeleton (10)]
  4872 | D:6      | HP: 20/86 [acid (1)]
  4879 | D:6      | HP: 18/86 [killer bee zombie (1)]
  4899 | D:6      | HP: 19/86 [hound (3)]
  4909 | D:6      | HP: 19/86 [orc (3)]
  4943 | D:6      | HP: 12/86 [orc priest/nerve-wracking pain (7)]
  5190 | D:6      | Noticed acebull12's ghost (novice DjFE)
  5222 | D:6      | Found a runed translucent gate.
  5222 | D:6      | Found a runed translucent gate.
  5222 | D:6      | Found a runed translucent gate.
  5422 | D:6      | Reached skill level 9 in Armour
  5432 | D:6      | Reached skill level 9 in Shields
  5472 | D:6      | Reached *** piety under Makhleb
  5487 | D:6      | Found an ancient bone altar of Kikubaaqudgha.
  5754 | D:6      | HP: 19/86 [gnoll sergeant (9)]
  5768 | D:6      | HP: 15/86 [gnoll sergeant (4)]
  5959 | D:7      | HP: 20/87 [water moccasin (2)]
  5965 | D:7      | HP: 18/87 [killer bee zombie (2)]
  6019 | D:7      | Reached skill level 9 in Axes
  6055 | D:7      | Noticed Harold
  6059 | D:7      | HP: 16/87 [Harold (6)]
  6067 | D:7      | Killed Harold
  6068 | D:7      | Reached skill level 8 in Fighting
  6068 | D:7      | Reached XP level 10. HP: 36/96 MP: 9/9
  6238 | D:7      | Reached skill level 1 in Invocations
  6285 | D:7      | Reached skill level 2 in Invocations
  6412 | D:7      | You pick up a book of Power and begin reading...
  6412 | D:7      | You add the spells Iskenderun's Battlesphere, Iron Shot and
                  | Spellforged Servitor to your library.
  6460 | D:8      | Reached **** piety under Makhleb
  6475 | D:8      | HP: 21/96 [orc warrior (6)]
  6482 | D:8      | Reached skill level 3 in Invocations
  6583 | D:8      | HP: 21/96 [steam dragon] (9)]
  6611 | D:8      | You pick up a book of Changes and begin reading...
  6611 | D:8      | You add the spells Beastly Appendage, Wereblood and Spider
                  | Form to your library.
  6627 | D:8      | Noticed Joseph
  6627 | D:8      | HP: 3/96 [Joseph/sling bullet (17)]
  6644 | D:8      | Killed Joseph
  6645 | D:8      | Reached skill level 4 in Invocations
  6811 | D:8      | You pick up a book of Conjurations and begin reading...
  6811 | D:8      | You add the spells Magic Dart, Searing Ray and Fulminant
                  | Prism to your library.
  6977 | D:8      | Found a staircase to the Lair.
  7024 | D:8      | Found a shadowy altar of Dithmenos.
  7728 | D:9      | Noticed Maurice
  7735 | D:9      | Killed Maurice
  7736 | D:9      | Reached skill level 5 in Invocations
  7871 | D:9      | Reached skill level 10 in Shields
  7874 | D:9      | Killed from afar by an acid dragon

Vanquished Creatures
  Harold (D:7)
  Pikel (D:6)
  Joseph (D:8)
  Maurice (D:9)
  2 steam dragons
  2 water moccasins (D:7)
  2 orc warriors (D:8)
  2 black bears (D:5)
  An ice beast (D:4)
  9 necrophages
  2 sky beasts
  2 lemures
  A centaur (D:8)
  2 phantoms
  A kobold brigand (D:6)
  A gnoll sergeant (D:6)
  A bullfrog (D:8)
  A water moccasin zombie (D:6)
  A scorpion (D:4)
  A wyvern skeleton (D:6)
  4 killer bees (D:7)
  4 wights (D:8)
  2 howler monkeys
  3 centaur zombies (D:6)
  A human zombie (D:6)
  5 hounds
  6 jellies
  A gnoll shaman (D:7)
  7 orc priests
  A bullfrog skeleton (D:5)
  A centaur skeleton (D:5)
  3 iguanas
  Terence (D:2)
  11 orc wizards
  3 killer bee zombies
  A hound skeleton (D:5)
  3 mummies (D:6)
  A howler monkey zombie (D:6)
  14 gnolls
  9 adders
  2 white imps (D:6)
  2 ufetubi
  An adder skeleton (D:4)
  A worm (D:5)
  A dart slug (D:1)
  32 orcs
  9 ball pythons
  11 bats
  10 endoplasms
  6 giant cockroaches
  4 goblins
  8 hobgoblins
  13 jackals
  24 kobolds
  3 quokkas
  2 frilled lizards
  A quokka skeleton (D:4)
  8 rats
254 creatures vanquished.

Vanquished Creatures (others)
  A scorpion (D:5)
  A centaur zombie (D:9)
  A white imp (D:8)
  An orc (D:5)
  2 fungi
  5 plants
11 creatures vanquished.

Grand Total: 265 creatures vanquished

Table legend:
 A = Non-vault XP
 B = Vault XP
 C = Vault XP percentage of total XP
 D = Non-vault monster count
 E = Vault monster count
 F = Vault count percentage of total count
                 A         B        C        D         E       F
            +---------+---------+-------+---------+---------+-------
      Total |    4666 |    4291 |  47.9 |     192 |      62 |  24.4
            +---------+---------+-------+---------+---------+-------
        D:1 |      57 |       0 |   0.0 |      32 |       0 |   0.0
        D:2 |      75 |      36 |  32.4 |      17 |       1 |   5.6
        D:3 |      22 |      10 |  31.2 |      12 |       5 |  29.4
        D:4 |     665 |       0 |   0.0 |      26 |       0 |   0.0
        D:5 |     873 |     340 |  28.0 |      21 |       5 |  19.2
        D:6 |     775 |    1886 |  70.9 |      31 |      20 |  39.2
        D:7 |     706 |    1099 |  60.9 |      20 |       5 |  20.0
        D:8 |    1295 |     445 |  25.6 |      31 |       1 |   3.1
        D:9 |     198 |     439 |  68.9 |       2 |       1 |  33.3
      Sewer |       0 |      36 | 100.0 |       0 |      24 | 100.0
            +---------+---------+-------+---------+---------+-------

Illustrated notes

Table legend:
 A = Kills in this place as a percentage of kills in entire the game.
 B = Kills by you in this place as a percentage of kills by you in the entire game.
 C = Kills by friends in this place as a percentage of kills by friends in the entire game.
 D = Other kills in this place as a percentage of other kills in the entire game.
 E = Experience gained in this place as a percentage of experience gained in the entire game.
 F = Experience gained in this place divided by the number of levels of this place that you have seen.
                   A       B       C       D       E      F
               +-------+-------+-------+-------+-------+----------------------
         Total | 100.0 | 100.0 |   N/A | 100.0 | 100.0 | 814.3
       Dungeon |  90.6 |  90.5 |   N/A | 100.0 |  99.6 | 991.2
         Sewer |   9.4 |   9.5 |   N/A |   0.0 |   0.4 |  36.0
               +-------+-------+-------+-------+-------+----------------------

Table legend: (Time is in decaauts)
 A = Elapsed time spent in this place.
 B = Non-inter-level travel time spent in this place.
 C = Inter-level travel time spent in this place.
 D = Time resting spent in this place.
 E = Time spent auto-exploring this place.
 F = Levels seen in this place.
 G = Mean time per level.
                   A        B        C        D        E       F      G
               +--------+--------+--------+--------+--------+-----+--------+
         Total |   8021 |   7524 |    497 |    109 |   4869 |  11 |  729.2 |
       Dungeon |   7699 |   7215 |    484 |    109 |   4791 |   9 |  855.4 |
        Temple |     29 |     16 |     13 |      0 |      1 |   1 |   29.0 |
         Sewer |    292 |    292 |      0 |      0 |     77 |   1 |  292.0 |
               +--------+--------+--------+--------+--------+-----+--------+

Top non-repeatable levels by time:
     D:5: 1385 daAuts
     D:8: 1330 daAuts
     D:6: 1072 daAuts
     D:1: 904 daAuts
     D:4: 887 daAuts
     D:2: 762 daAuts
     D:3: 692 daAuts
     D:7: 550 daAuts
   Sewer: 292 daAuts
     D:9: 113 daAuts
  Temple: 29 daAuts
